 Dungeon Crawl Stone Soup version 0.18-a0-1514-g6ed9364 (webtiles) character file.

2982 dvd the Transmogrifier (level 9, -2/65 HPs)
             Began as a Merfolk Transmuter on Mar 6, 2016.
             Was a Follower of Sif Muna.
             Slain by a sky beast (4 damage)
             ... on level 7 of the Dungeon.
             The game lasted 00:34:53 (9317 turns).

dvd the Transmogrifier (Merfolk Transmuter)         Turns: 9317, Time: 00:34:53

Health: -2/65      AC:  5    Str: 10    XL:     9   Next: 83%
Magic:  0/16       EV: 18    Int: 15    God:    Sif Muna [*.....]
Gold:   480        SH:  0    Dex: 17    Spells: 4 memorised, 4 levels left

rFire  + . .     SeeInvis .       - Unarmed
rCold  + . .     Gourm    .     b - +0 robe
rNeg   . . .     Faith    .     (shield currently unavailable)
rPois  +         Spirit   .     (no helmet)
rElec  +         Dismiss  .     z - +2 cloak
rCorr  +         Reflect  .     (gloves currently unavailable)
SustAt .         Harm     .     (no boots)
MR     .....                    l - amulet of rage
Stlth  +++.......               (no ring)
                                F - +2 ring of dexterity

@: blade hands, resistant, not resistant to hostile enchantments, fairly
stealthy
A: change form in water, swift swim
a: End Transformation, Channel Energy, Renounce Religion, Evoke Berserk Rage


You were on level 7 of the Dungeon.
You worshipped Sif Muna.
Sif Muna was aware of your devotion.
You were near starving.
You had blades for hands.
You visited 2 branches of the dungeon, and saw 9 of its levels.
You also visited: Ossuary.

You collected 480 gold pieces.

Inventory:

Hand Weapons
 r - a +2 flail of protection
 A - a +3 quarterstaff of chaos
 C - a +3 dagger of flaming
Armour
 a - a +0 pair of boots
 b - a +0 robe (worn)
 m - a +0 pair of gloves (melded)
 x - a +1 scale mail of magic resistance
 z - a +2 cloak (worn)
Jewellery
 i - an uncursed ring of ice
 l - an amulet of rage (around neck)
 t - an uncursed ring of fire
 F - a +2 ring of dexterity (left scythe-like blade)
Wands
 E - a wand of disintegration (14/24)
Scrolls
 g - 2 scrolls of enchant weapon
 j - 12 scrolls of identify
 k - 2 scrolls of magic mapping
 s - 2 scrolls of teleportation
 w - a scroll of enchant armour
 y - 3 scrolls of remove curse
Potions
 e - 5 potions of curing
 q - a potion of cure mutation
 u - a potion of brilliance
 H - a potion of berserk rage
 I - a potion of might
Books
 c - a book of Changes

   Spells                             Type                      Level
   a - Beastly Appendage              Transmutation                1
   b - Sticks to Snakes               Transmutation                2
   c - Spider Form                    Transmutation/Poison         3
   d - Ice Form                       Ice/Transmutation            4
   e - Blade Hands                    Transmutation                5
 B - a book of Hinderance

   Spells                             Type                      Level
   a - Confusing Touch                Hexes                        2
   b - Confuse                        Hexes                        3
   c - Gell's Gravitas                Hexes/Translocation          3
   d - Petrify                        Transmutation/Earth          4
   e - Metabolic Englaciation         Hexes/Ice                    5
   f - Yara's Violent Unravelling     Hexes/Transmutation          5
 D - a book of Burglary

   Spells                             Type                      Level
   a - Swiftness                      Charms/Air                   2
   b - Passwall                       Transmutation/Earth          2
   c - Passage of Golubria            Translocation                4
   d - Lee's Rapid Deconstruction     Earth                        5
   e - Darkness                       Hexes                        6
   f - Invisibility                   Hexes                        6
Comestibles
 d - 8 bread rations
 n - 8 beef jerkies
 p - 2 slices of pizza


   Skills:
 + Level 4.2 Fighting
 + Level 8.4 Dodging
 + Level 3.2 Stealth
 + Level 6.4 Unarmed Combat
 + Level 4.8 Spellcasting
 + Level 8.4 Transmutations
 + Level 4.6 Ice Magic
 + Level 2.9 Poison Magic


You had 4 spell levels left.
You knew the following spells:

 Your Spells              Type           Power        Failure   Level  Hunger
a - Beastly Appendage     Trmt           ####..       12%         1    None
b - Spider Form           Trmt/Pois      ###.......   36%         3    ###....
c - Ice Form              Ice/Trmt       ###.....     54%         4    ####...
d - Blade Hands           Trmt           ####......   58%         5    ######.


Dungeon Overview and Level Annotations

Branches:
Dungeon (8/15)             Temple (1/1) D:6
   Lair: D:8-11

Altars:
Cheibriados
Dithmenos
Fedhas
Gozag
Kikubaaqudgha
Makhleb
Nemelex Xobeh
Okawaru
Pakellas
Qazlal
Ru
Sif Muna
Trog
Vehumet
Xom
Yredelemnul
The Shining One

Annotations:
D:1 Ijyb
D:7 Grum


Message History

Drink which item? (? for menu, Esc to quit)
You feel protected. The wolf barely misses you. Grum misses you.
Something hits you. Something shocks you. You resist.
Unknown command.
Casting: Blade Hands
Confirm with . or Enter, or press ? or * to list all spells.
Your hands turn into razor-sharp scythe blades.
Your +0 pair of gloves melds into your body.
You are near starving!
The wolf bites you. Grum hits you from afar with a spear!
* * * LOW HITPOINT WARNING * * *
The wolf completely misses you. Something hits you but does no damage.
Drink which item? (? for menu, Esc to quit)
You feel better. The wolf bites you.
* * * LOW HITPOINT WARNING * * *
Grum hits you from afar with a spear!
* * * LOW HITPOINT WARNING * * *
The wolf closely misses you. Something hits you.
You die...

.......##.##.##.#.....### #.....
..........##.#[###..### ####.#
##.###.......##.#.### ##.#
..)..###########.## #... ##.#.#
####.#### #... ##.#.#
#####.......# ###'# ##...#
#....>##.##.# ####.'_' ###..#
#.....##.##.# ####....#'# ###..#
#.....g{@##.# #>......... .....#
#.....##.h..# #.##....... ###.##
#...........###.####.#... ###.#
#####.##.#..##...###.#... #...#
##.##.#..#.....##.#... #.(.#
###..............##.#...
#...######......###.#.....##.##>.
##.###........#.###.##...###.....
#...##.###..........###### ######


You could see Grum and a wolf.

Vanquished Creatures
  Prince Ribbit (D:8)
  A wolf (D:7)
  Menkaure (D:4)
  A water moccasin (D:3)
  Edmund (D:3)
  Duvessa (D:4)
  2 ice beasts
  An orc warrior (D:7)
  A sky beast (D:7)
  A phantom (D:6)
  5 ogres
  An eye of draining (D:7)
  A centaur (D:7)
  A giant frog (D:8)
  Dowan (D:4)
  A wyvern skeleton (D:7)
  A scorpion (D:7)
  2 crimson imps (D:6)
  A giant frog zombie (D:6)
  A jelly (D:5)
  4 hounds
  An orc priest (D:4)
  Crazy Yiuf (D:3)
  2 giant frog skeletons
  A gnoll shaman (D:6)
  3 orc wizards
  4 worker ants
  A hound skeleton (D:5)
  3 mummies (Ossuary)
  A howler monkey zombie (D:5)
  A worker ant zombie (D:5)
  5 gnolls
  14 adders
  A shadow imp (D:8)
  An ooze (D:5)
  An adder skeleton (D:8)
  8 worms
  2 dart slugs
  6 giant geckos
  12 orcs
  7 bats
  2 bat zombies (D:2)
  7 giant cockroaches
  3 gnoll zombies (Ossuary)
  8 goblins
  12 hobgoblins
  6 kobolds
  2 quokkas
  4 ball pythons
  A giant gecko skeleton (D:6)
  3 giant newts
  3 gnoll skeletons (Ossuary)
  2 goblin skeletons (Ossuary)
  A hobgoblin skeleton (Ossuary)
  2 hobgoblin zombies (Ossuary)
  4 kobold skeletons (Ossuary)
  4 kobold zombies (Ossuary)
  An orc skeleton (Ossuary)
  2 orc zombies (Ossuary)
  4 rats
  3 rat zombies (Ossuary)
  2 fungi (D:3)
181 creatures vanquished.

Vanquished Creatures (others)
  A mummy (Ossuary)
  A gnoll zombie (Ossuary)
  3 gnoll skeletons (Ossuary)
  A goblin skeleton (Ossuary)
  2 goblin zombies (Ossuary)
  3 hobgoblin skeletons (Ossuary)
  3 kobold skeletons (Ossuary)
  A kobold zombie (Ossuary)
  3 orc skeletons (Ossuary)
  4 orc zombies (Ossuary)
  A rat skeleton (Ossuary)
  3 rat zombies (Ossuary)
26 creatures vanquished.

Grand Total: 207 creatures vanquished

Notes
Turn   | Place    | Note
--------------------------------------------------------------
     0 | D:1      | dvd the Merfolk Transmuter began the quest for the Orb.
     0 | D:1      | Reached XP level 1. HP: 15/15 MP: 3/3
   341 | D:1      | Reached XP level 2. HP: 19/21 MP: 3/5
   926 | D:2      | Noticed Ijyb
   995 | D:2      | Reached XP level 3. HP: 13/26 MP: 4/6
  1308 | D:2      | Learned a level 3 spell: Spider Form
  2203 | D:2      | Reached XP level 4. HP: 29/33 MP: 5/7
  2218 | D:2      | Found an ancient bone altar of Kikubaaqudgha.
  2752 | D:3      | Found an opulent altar of Gozag.
  2781 | D:3      | Reached skill level 1 in Stealth
  2781 | D:3      | Reached XP level 5. HP: 32/38 MP: 5/9
  3164 | D:3      | Noticed a water moccasin
  3176 | D:3      | Killed a water moccasin
  3176 | D:3      | Reached skill level 1 in Poison Magic
  3176 | D:3      | Reached XP level 6. HP: 43/46 MP: 6/10
  3293 | D:3      | Noticed Crazy Yiuf
  3301 | D:3      | Killed Crazy Yiuf
  3706 | D:4      | Noticed Menkaure
  3721 | D:4      | Killed Menkaure
  3761 | D:4      | Noticed Dowan
  3762 | D:4      | Noticed Duvessa
  3787 | D:4      | Killed Duvessa
  3787 | D:4      | Reached skill level 5 in Transmutations
  3787 | D:4      | Reached XP level 7. HP: 28/51 MP: 8/11
  3851 | D:4      | Killed Dowan
  3851 | D:4      | Reached skill level 5 in Dodging
  3893 | D:4      | Found a sand-covered staircase.
  4081 | Ossuary  | Entered an ossuary
  4129 | Ossuary  | Learned a level 4 spell: Ice Form
  4794 | D:4      | Noticed Edmund
  4824 | D:3      | Killed Edmund
  5217 | D:4      | Reached skill level 5 in Unarmed Combat
  5220 | D:4      | Reached XP level 8. HP: 23/58 MP: 5/13
  5505 | D:4      | Learned a level 1 spell: Beastly Appendage
  5579 | D:5      | Entered Level 5 of the Dungeon
  5622 | D:5      | Learned a level 5 spell: Blade Hands
  5675 | D:5      | Reached skill level 1 in Ice Magic
  6073 | D:5      | Found an iron altar of Okawaru.
  7268 | D:6      | Found a staircase to the Ecumenical Temple.
  7274 | Temple   | Entered the Ecumenical Temple
  7391 | Temple   | Became a worshipper of Sif Muna the Loreminder
  7505 | D:6      | Reached XP level 9. HP: 65/65 MP: 13/15
  8147 | D:7      | Gained mutation: Your muscles are strong. (Str +2) [potion of mutation]
  8147 | D:7      | Gained mutation: You are frail (-10% HP). [potion of mutation]
  8147 | D:7      | Lost mutation: Your muscles are strong. (Str +2) [potion of mutation]
  8148 | D:7      | Lost mutation: You are frail (-10% HP). [potion of cure mutation]
  8240 | D:7      | Reached * piety under Sif Muna
  8318 | D:7      | Found a stormy altar of Qazlal.
  8843 | D:8      | Noticed Prince Ribbit
  8848 | D:8      | Killed Prince Ribbit
  8872 | D:8      | Noticed Grum
  9059 | D:8      | Found a glowing golden altar of the Shining One.
  9317 | D:7      | HP: 2/65 [Grum/spear (9)]
  9317 | D:7      | Slain by a sky beast

Vault maps used:
D:1:      dpeg_arrival_brainrot, hangedman_decor_growths
D:2:      lemuel_zombie_altar_kikubaaqudgha, uniq_iyjb
D:3:      grunt_gozag_breadcrumbs, first_bread, uniq_crazy_yiuf_cottage
D:4:      nicolae_ossuary_entry_ruins, uniq_edmund, uniq_menkaure, uniq_duvessa
D:5:      okawaru_altar_gauntlet_db
D:6:      kennysheep_big_flooded_room, minmay_temple_entry_fiery
D:7:      kennysheep_mini, grunt_ogre_cave
D:8:      old_standard_altar, tso_metal_star, lemuel_doored_altar,
          hangedman_abyss_or_decor_stabs, nicolae_ashenzari_panopticon,
          uniq_prince_ribbit1, uniq_grum
Temple:   triangle_lava_temple_12
Ossuary:  ossuary_due_pyramid

Skill      XL: |  1  2  3  4  5  6  7  8  9 |
---------------+----------------------------+-----
Dodging        | 3 4 5 7 8 |  8.4
Transmutations | 3 4 5 6 7 8 |  8.4
Unarmed Combat | 4 5 6 |  6.4
Fighting       | 2 3 4 |  4.2
Stealth        | 1 2 3 |  3.2
Poison Magic   | 1 2 |  2.9
Spellcasting   | 3 4 |  4.8
Ice Magic      | 3 4 |  4.6

Action                   |  1- 3 |  4- 6 |  7- 9 || total
-------------------------+-------+-------+-------++-------
Melee: Unarmed           |   141 |   143 |   369 ||   653
 Cast: Beastly Appendage |    24 |     4 |    15 ||    43
       Spider Form       |     5 |    19 |    24 ||    48
       Ice Form          |       |       |    10 ||    10
       Blade Hands       |       |       |    11 ||    11
  Use: Potion            |     1 |       |    19 ||    20
       Scroll            |       |       |    15 ||    15
 Stab: Sleeping          |     2 |     2 |     6 ||    10
  Eat: Chunk             |     6 |     7 |    22 ||    35
       Bread ration      |       |       |     1 ||     1
       Beef jerky        |       |       |     1 ||     1
